 Dungeon Crawl Stone Soup version 0.31-a0-848-gaac375c287 (webtiles) character file.

Game seed: 3479675126030366453

5385 ytrimaz the Mimic (level 10, -2/65 HPs)
             Began as a Demonspawn Shapeshifter on Oct 4, 2023.
             Was an Initiate of Okawaru.
             Killed from afar by Maggie (15 damage)
             ... with a bolt of fire
             ... on level 8 of the Dungeon.
             The game lasted 00:11:00 (8769 turns).

ytrimaz the Mimic (Demonspawn Shapeshifter)         Turns: 8769, Time: 00:11:01

Health: -2/65      AC: 10    Str: 14    XL:     10   Next: 39%
Magic:  10/10      EV: 11    Int: 12    God:    Okawaru [......]
Gold:   378        SH:  0    Dex: 19    Spells: 9/9 levels left

rFire   . .          .
                       - Unarmed
rCold   . . .        (no shield)
rNeg    . . .        m - +1 ring mail
rPois   +            (helmet currently unavailable)
rElec   .            (cloak currently unavailable)
rCorr   .            (gloves currently unavailable)
SInv    .            (boots currently unavailable)
Will    .....        (no amulet)
Stlth   +            i - +4 ring of protection
HPRegen 0.30/turn    u - ring of Zyceraep {rPois Dex+2}
MPRegen 0.12/turn

%: no passive effects
@: beast-form
A: beast (slay +4), horns 1, weakness stinger 2, demonic touch 1
a: Begin Untransformation, Renounce Religion


You were on level 8 of the Dungeon.
You worshipped Okawaru.
Okawaru was noncommittal.
You were a hulking beast.
You visited 2 branches of the dungeon, and saw 9 of its levels.
You also visited: Sewer and Ossuary.

You collected 482 gold pieces.
You spent 104 gold pieces at shops.


Innate Abilities, Weirdness & Mutations

You are a hulking beast.
Your limbs bulge with bestial killing power. (Slay +4)
You have a pair of small horns on your head.
You have a tail ending in a sharp stinger.
Your touch may inflict minor irresistible damage on your foes.


   Skills:
 - Level 1.0 Fighting
 - Level 1.7 Dodging
 - Level 10.0 Unarmed Combat
 + Level 10.2 Shapeshifting


You had 9 spell levels left.
You didn't know any spells.
Your spell library contained the following spells:

 Spells                   Type           Power      Damage    Failure   Level
 Apportation              Tloc           0%         N/A       56%         1
 Freeze                   Ice            0%         1d3       56%         1
 Blink                    Tloc           0%         N/A       71%         2
 Jinxbite                 Hex            0%         N/A       71%         2
 Lesser Beckoning         Tloc           0%         N/A       71%         2
 Frozen Ramparts          Ice            0%         1d1       90%         3
 Gell's Gravitas          Tloc           0%         N/A       90%         3
 Hailstorm                Conj/Ice       0%         3d3       90%         3
 Teleport Other           Tloc           0%         N/A       90%         3
 Manifold Assault         Tloc           0%         N/A       100%        4
 Alistair's Intoxication  Tmut/Pois      0%         N/A       100%        5

Inventory:

Missiles
 p - 2 throwing nets (quivered)
Armour
 l - a +0 pair of boots
   (You found it on level 1 of the Dungeon)
 m - a +1 ring mail (worn)
   (You found it on level 2 of the Dungeon)
 H - a +0 plate armour of poison resistance
   (You found it on level 6 of the Dungeon)
 J - +0 steam dragon scales
   (You found it on level 8 of the Dungeon)
Jewellery
 a - a ring of see invisible
   (You took it off a gnoll on level 3 of the Dungeon)
 i - a +4 ring of protection (left hand)
   (You found it on level 1 of the Dungeon)
 t - a ring of wizardry
   (You found it on level 7 of the Dungeon)
 u - the ring of Zyceraep (right hand) {rPois Dex+2}
   (You found it on level 6 of the Dungeon)

   [ring of poison resistance]

   Dex+2:     It affects your dexterity (+2).
   rPois:     It protects you from poison
 w - a ring of magical power
   (You found it on level 4 of the Dungeon)
 z - a ring of resist corrosion
   (You found it on level 6 of the Dungeon)
Talismans
 c - a beast talisman (active)
 d - a flux talisman
Wands
 E - a wand of mindburst (3)
   (You found it on level 6 of the Dungeon)
 G - a wand of digging (7)
   (You found it on level 7 of the Dungeon)
 I - a wand of quicksilver (7)
   (You found it on level 7 of the Dungeon)
Scrolls
 e - 3 scrolls of enchant weapon
 f - a scroll of brand weapon
 n - a scroll of teleportation
 r - a scroll of vulnerability
 x - 2 scrolls of revelation
 y - a scroll of enchant armour
 C - a scroll of immolation
 F - a scroll of amnesia
 K - a scroll of fear
Potions
 b - a potion of mutation {unknown}
 g - 2 potions of might
 h - 2 potions of haste
 j - 3 potions of berserk rage {unknown}
 k - a potion of cancellation {unknown}
 o - 2 potions of enlightenment {unknown}
 q - 2 potions of attraction {unknown}
 s - 2 potions of heal wounds
 v - 2 potions of degeneration {unknown}
 A - 2 potions of ambrosia {unknown}
 B - a potion of resistance {unknown}
 D - a potion of brilliance {unknown}

Dungeon Overview and Level Annotations

Branches:
Dungeon (8/15) Zot: 24716  Temple (1/1) D:4 Zot: 5998   Sewer (visited)
Ossuary (visited)
   Lair: D:8-11

Altars:
Ashenzari
Cheibriados
Dithmenos
Fedhas
Gozag
Hepliaklqana
Kikubaaqudgha
Makhleb
Nemelex Xobeh
Okawaru
Qazlal
Ru
Trog
Uskayaw
Vehumet
Wu Jian
Xom
Yredelemnul

Shops:
D:7 ?

Annotations:
D:7 1 runed translucent door, Crazy Yiuf
D:8 Maggie

#..[..........#
..............#
#####.........#####
###...........#...
#......#.#....#.# #
..........#.....# ~~#
.##.......###...####...#
.##.......# #.........#
..#.......# #...h5....#
#.........# #..5@.....#
###.......# #.........#
# #.......# #.........#
#.......##........:.#
... ............# ..#
#.##.........# #.
#.........#


You could see Maggie and 2 white imps.


Message History

Okawaru accepts your kill.
You are engulfed in a cloud of scalding steam. 😮 HP[-1]
You take 1 damage, and now have 38/65 hp.
You are too injured to fight recklessly!
You punch the orc priest! You punch the orc priest.
You kill the orc priest!
Okawaru accepts your kill.
You are engulfed in a cloud of scalding steam. 😮 HP[-4]
You take 4 damage, and now have 34/65 hp.
The orc hits you but does no damage.
Things that are here:
a +0 club; an orc corpse; a bullfrog corpse Unknown command.
You hit the orc priest but do no damage.
Unknown command.
You are too injured to fight recklessly!
You are too injured to fight recklessly!
You closely miss the orc priest. Your headbutt misses the orc priest.
You tail-slap the orc priest!
You touch the orc priest.
You kill the orc priest!
Okawaru accepts your kill. The orc completely misses you. 😮 HP[+1]
The orc barely misses you.
Things that are here:
a +0 short sword; a +0 leather armour; an orc corpse You are too injured to fight recklessly!
You hit the orc. The orc closely misses you.
You hit the orc but do no damage. The orc hits you with a +0 hand axe.
* * * LOW HITPOINT WARNING * * *
😨 HP[-4]
You take 4 damage, and now have 31/65 hp.
You punch the orc!
You kill the orc!
Okawaru accepts your kill. 😨 HP[+1] Key pressed, stopping explore.
Key pressed, stopping explore.
Key pressed, stopping explore.
Unknown command. 😕 HP[+31]
You regained 31 hp, and now have 63/65 hp.
Key pressed, stopping explore.
j - 3 fizzy emerald potions (gained 1) Key pressed, stopping explore.
Maggie the Vainglorious comes into view.
She is wielding a +0 glaive.
Maggie shouts!
Something shouts, "Get thee hence, thou pecksniffian ill-breeding bounder!"
A white imp comes into view. 😎 HP[+2]
Your hp is fully restored (65).
A white imp comes into view.
The white imp gestures at you. The puff of frost hits you. 😕 HP[-1]
You take 1 damage, and now have 64/65 hp.
Unknown command.
The white imp shouts!
Maggie points at you and mumbles some strange words.
The bolt of fire hits you! The white imp gestures at you.
The puff of frost hits you! 😮 HP[-23]
You take 23 damage, and now have 41/65 hp.
MASSIVE DAMAGE!! (PAUSE)
You punch Maggie! You tail-slap Maggie. 😮 HP[+1]
You hit Maggie. Your headbutt misses Maggie.
You touch Maggie!
Maggie closely misses you.
Unknown command.
You hit Maggie. You headbutt Maggie, but do no damage.
Maggie hits you with a +0 glaive!
* * * LOW HITPOINT WARNING * * *
The white imp barely misses you. 😨 HP[-10]
You take 10 damage, and now have 32/65 hp.
You closely miss Maggie. You headbutt Maggie!
Maggie points at you and mumbles some strange words.
The bolt of fire hits you!
* * * LOW HITPOINT WARNING * * *
The white imp closely misses you. 😱 HP[-16]
You take 16 damage, and now have 16/65 hp.
MASSIVE DAMAGE!! (PAUSE)
You closely miss Maggie. You headbutt Maggie. You tail-slap Maggie.
Maggie shouts, "Leave me alone!"
Maggie hits you with a +0 glaive.
* * * LOW HITPOINT WARNING * * *
The white imp gestures at you. The puff of frost misses you.
The white imp closely misses you. 😱 HP[-3]
You take 3 damage, and now have 13/65 hp.
You closely miss Maggie. You headbutt Maggie.
Unknown command.
You closely miss Maggie. You headbutt Maggie.
Maggie gestures at you while chanting. The bolt of fire hits you!
You die...

Skill      XL: |  1  2  3  4  5  6  7  8  9 10 |
---------------+-------------------------------+-----
Unarmed Combat | 3 4 5 6 8 9 10 | 10.0
Shapeshifting  | 3 4 5 6 7 9 10 | 10.2
Fighting       | |  1.0
Dodging        | |  1.7

Action                     |  1- 3 |  4- 6 |  7- 9 | 10-12 || total
---------------------------+-------+-------+-------+-------++-------
  Melee: Unarmed           |    88 |    84 |   406 |    66 ||   644
         Touch             |    10 |    16 |    49 |    14 ||    89
         Punch             |     2 |     1 |     7 |     5 ||    15
         Headbutt          |       |    21 |    63 |    18 ||   102
         Tailslap          |       |     7 |    45 |    10 ||    62
  Throw: Throwing net      |       |     1 |       |       ||     1
    Use: Scroll            |       |     6 |     9 |       ||    15
         Potion            |       |     2 |     3 |     1 ||     6
 Armour: Animal skin       |    20 |       |       |       ||    20
         Ring mail         |    22 |    49 |   232 |    51 ||   354
         Skin              |       |       |    61 |       ||    61
  Dodge: Dodged            |    49 |    47 |   187 |    37 ||   320

Levels and vault maps discovered:
D:1:      ebering_trefoil_3fold, layout_basic
D:2:      layout_basic
D:3:      layout_loops_ring, hellmonk_ecumenical_altar_run_dry
D:4:      layout_loops_cross, minmay_temple_entry_statues_pillars,
          hangedman_abyss_or_decor_lesser_grid, uniq_natasha
D:5:      layout_loops_ring, gup_sewer_entry_spiral, kennysheep_generic_room_8,
          uniq_duvessa, uniq_sigmund
D:6:      layout_gridville, lemuel_crystal_altar, lemuel_crystal_altar,
          lightli_ossuary_entry_decrepit_ruins
D:7:      layout_cave_pods, chequers_temple_overflow_statue_of_worship,
          serial_shops, shop, chequers_serial_rivers_small_3,
          hangedman_misty_isle, uniq_crazy_yiuf_cottage
D:8:      layout_rooms, chequers_serial_rivers_micro_b, minmay_strange_pillars,
          uniq_maggie, uniq_prince_ribbit1
Temple:   compressed_dpeg_triangle_lava_temple

Notes
Turn   | Place    | Note
-------+----------+-------------------------------------------
     0 | D:1      | ytrimaz the Demonspawn Shapeshifter began the quest for the
                  | Orb.
     0 | D:1      | Reached XP level 1. HP: 15/15 MP: 1/1
     0 | D:1      | magus.rc [v1.9.6]
   126 | D:1      | HP: 1/15 [frozen (5)]
   255 | D:1      | Reached skill level 3 in Unarmed Combat
   319 | D:1      | You feel monstrous as your demonic heritage exerts itself.
   319 | D:1      | Discovered your monstrous ancestry.
   319 | D:1      | Gained mutation: Your touch may inflict minor irresistible
                  | damage on your foes. [demonic ancestry]
   319 | D:1      | Reached XP level 2. HP: 18/21 MP: 2/2
   345 | D:1      | Reached skill level 3 in Shapeshifting
   596 | D:1      | You pick up a book of Party Tricks and begin reading...
   596 | D:1      | You add the spells Apportation, Jinxbite and Alistair's
                  | Intoxication to your library.
  1173 | D:2      | Reached XP level 3. HP: 25/26 MP: 3/3
  1929 | D:3      | Gained mutation: You have a pair of small horns on your
                  | head. [demonic ancestry]
  1929 | D:3      | Reached XP level 4. HP: 30/32 MP: 4/4
  2030 | D:3      | HP: 8/32 [iguana (9)]
  2033 | D:3      | Reached skill level 4 in Unarmed Combat
  2199 | D:3      | Reached skill level 4 in Shapeshifting
  2199 | D:3      | Gained mutation: You have a small tail. [demonic ancestry]
  2199 | D:3      | Reached XP level 5. HP: 27/37 MP: 5/5
  2249 | D:3      | Identified the +3 mace "Joxat" {heavy, rF+ Str+4 Int-2}
  2437 | D:3      | Found a faded altar of an unknown god.
  2715 | D:3      | You pick up a book of Displacement and begin reading...
  2715 | D:3      | You add the spells Lesser Beckoning, Gell's Gravitas and
                  | Teleport Other to your library.
  3134 | D:4      | Found a staircase to the Ecumenical Temple.
  3142 | Temple   | Entered the Ecumenical Temple
  3292 | D:4      | Noticed Natasha
  3296 | D:4      | Killed Natasha
  3297 | D:4      | Reached XP level 6. HP: 40/43 MP: 6/6
  3331 | D:4      | You add the spells Blink and Manifold Assault to your
                  | library.
  3350 | D:4      | Noticed Natasha
  3356 | D:4      | Killed Natasha
  3388 | D:5      | Entered Level 5 of the Dungeon
  3414 | D:5      | Reached skill level 5 in Unarmed Combat
  3474 | D:5      | Noticed Dowan
  3474 | D:5      | Noticed Duvessa
  3488 | D:5      | Killed Duvessa
  3489 | D:5      | Reached skill level 5 in Shapeshifting
  3492 | D:5      | HP: 2/43 [Dowan/shard of ice (23)]
  3496 | D:5      | Killed Dowan
  3497 | D:5      | Reached XP level 7. HP: 16/48 MP: 7/7
  3630 | D:5      | Noticed Sigmund
  3650 | D:5      | Killed Sigmund
  3693 | D:5      | Reached skill level 6 in Unarmed Combat
  3713 | D:5      | Reached skill level 6 in Shapeshifting
  3770 | D:5      | Reached XP level 8. HP: 22/54 MP: 8/8
  3887 | D:5      | Found a glowing drain.
  3891 | Sewer    | Entered a sewer
  4055 | Sewer    | Reached skill level 7 in Unarmed Combat
  4576 | Sewer    | Reached skill level 7 in Shapeshifting
  5152 | D:6      | Reached skill level 8 in Unarmed Combat
  5175 | D:6      | Identified the ring of Zyceraep {rPois Dex+2}
  5319 | D:6      | Found a broken altar of Ashenzari.
  5355 | D:6      | Found an iron altar of Okawaru.
  5380 | D:6      | Reached XP level 9. HP: 48/59 MP: 9/9
  5401 | D:6      | Found a sand-covered staircase.
  5411 | Ossuary  | Entered an ossuary
  5755 | D:6      | Reached skill level 8 in Shapeshifting
  6272 | D:6      | You fall into a shaft and drop 2 floors!
  6278 | D:8      | Noticed Prince Ribbit
  6294 | D:8      | Killed Prince Ribbit
  6295 | D:8      | Reached skill level 9 in Unarmed Combat
  6462 | D:7      | Found a bloodstained altar of Trog.
  7069 | D:7      | You pick up a book of Frost and begin reading...
  7069 | D:7      | You add the spells Freeze, Frozen Ramparts and Hailstorm to
                  | your library.
  7197 | D:7      | Reached skill level 9 in Shapeshifting
  7231 | D:7      | HP: 17/88 [kobold/+0 whip of electrocution (14)]
  7426 | D:7      | Found Teloshrau's Magic Scroll Shoppe.
  7433 | D:7      | Bought a scroll of identify for 26 gold pieces
  7433 | D:7      | Bought a scroll of fear for 52 gold pieces
  7433 | D:7      | Bought a scroll of identify for 26 gold pieces
  7573 | D:7      | Gained mutation: You have a tail ending in a sharp stinger.
                  | [demonic ancestry]
  7573 | D:7      | Reached XP level 10. HP: 65/65 MP: 10/10
  7903 | D:7      | Found a runed translucent door.
  7904 | D:7      | Noticed Crazy Yiuf
  8122 | D:8      | Reached skill level 10 in Unarmed Combat
  8135 | D:8      | HP: 8/65 [yak (11)]
  8346 | D:8      | Reached skill level 10 in Shapeshifting
  8479 | D:6      | Became a worshipper of Warmaster Okawaru
  8759 | D:8      | Noticed Maggie
  8766 | D:8      | HP: 16/65 [Maggie/bolt of fire (16)]
  8769 | D:8      | Killed from afar by Maggie

Vanquished Creatures
  Prince Ribbit (D:8)
  Sigmund (D:5)
  A wyvern (D:8)
  5 yaks (D:8)
  4 steam dragons
  Duvessa (D:5)
  2 water moccasins (D:6)
  An orc warrior (D:8)
  3 sky beasts (D:7)
  A black bear (D:6)
  An ogre (D:5)
  A centaur (D:5)
  2 phantoms
  7 kobold brigands
  4 bullfrogs
  2 water moccasin zombies (Ossuary)
  10 killer bees
  Dowan (D:5)
  3 gnoll boudas
  2 jellies (D:5)
  6 orc priests
  2 hounds
  11 iguanas
  A sleepcap (D:7)
  5 orc wizards
  Natasha (twice) (D:4)
  2 mummies (Ossuary)
  17 gnolls
  11 adders
  3 river rats
  3 shadow imps
  An ufetubus (D:6)
  4 adder zombies (Ossuary)
  2 worms (Sewer)
  2 dart slugs (D:2)
  15 orcs
  7 ball pythons
  7 endoplasms
  4 giant cockroaches
  3 gnoll zombies (Ossuary)
  4 goblins
  2 hobgoblins (D:1)
  4 jackals (D:3)
  5 quokkas
  2 bats
  7 frilled lizards
  4 hobgoblin zombies (Ossuary)
  20 kobolds
  4 kobold zombies (Ossuary)
  8 orc zombies (Ossuary)
  10 rats
231 creatures vanquished.

Table legend:
 A = Non-vault XP
 B = Vault XP
 C = Vault XP percentage of total XP
 D = Non-vault monster count
 E = Vault monster count
 F = Vault count percentage of total count
                 A         B        C        D         E       F
            +---------+---------+-------+---------+---------+-------
      Total |    5394 |    2299 |  29.9 |     157 |      74 |  32.0
            +---------+---------+-------+---------+---------+-------
        D:1 |      23 |       0 |   0.0 |      13 |       0 |   0.0
        D:2 |      50 |       0 |   0.0 |      14 |       0 |   0.0
        D:3 |     244 |       0 |   0.0 |      30 |       0 |   0.0
        D:4 |      82 |      32 |  28.1 |       8 |       1 |  11.1
        D:5 |    1029 |     505 |  32.9 |      25 |      11 |  30.6
        D:6 |     928 |       0 |   0.0 |      22 |       0 |   0.0
        D:7 |     903 |     686 |  43.2 |      24 |       6 |  20.0
        D:8 |    2135 |     255 |  10.7 |      21 |       1 |   4.5
      Sewer |       0 |     578 | 100.0 |       0 |      28 | 100.0
    Ossuary |       0 |     243 | 100.0 |       0 |      27 | 100.0
            +---------+---------+-------+---------+---------+-------

Skill      XL: |  1  2  3  4  5  6  7  8  9 10 |
---------------+-------------------------------+-----
Unarmed Combat | 3 4 5 6 8 9 10 | 10.0
Shapeshifting  | 3 4 5 6 7 9 10 | 10.2
Fighting       | |  1.0
Dodging        | |  1.7

Action                     |  1- 3 |  4- 6 |  7- 9 | 10-12 || total
---------------------------+-------+-------+-------+-------++-------
  Melee: Unarmed           |    88 |    84 |   406 |    66 ||   644
         Touch             |    10 |    16 |    49 |    14 ||    89
         Punch             |     2 |     1 |     7 |     5 ||    15
         Headbutt          |       |    21 |    63 |    18 ||   102
         Tailslap          |       |     7 |    45 |    10 ||    62
  Throw: Throwing net      |       |     1 |       |       ||     1
    Use: Scroll            |       |     6 |     9 |       ||    15
         Potion            |       |     2 |     3 |     1 ||     6
 Armour: Animal skin       |    20 |       |       |       ||    20
         Ring mail         |    22 |    49 |   232 |    51 ||   354
         Skin              |       |       |    61 |       ||    61
  Dodge: Dodged            |    49 |    47 |   187 |    37 ||   320

Illustrated notes

Table legend:
 A = Kills in this place as a percentage of kills in the entire game.
 B = Kills by you in this place as a percentage of kills by you in the entire game.
 C = Kills by friends in this place as a percentage of kills by friends in the entire game.
 D = Other kills in this place as a percentage of other kills in the entire game.
 E = Experience gained in this place as a percentage of experience gained in the entire game.
 F = Experience gained in this place divided by the number of levels of this place that you have seen.
                   A       B       C       D       E      F
               +-------+-------+-------+-------+-------+----------------------
         Total | 100.0 | 100.0 |   N/A |   N/A | 100.0 | 699.4
       Dungeon |  76.2 |  76.2 |   N/A |   N/A |  89.3 | 859.0
         Sewer |  12.1 |  12.1 |   N/A |   N/A |   7.5 | 578.0
       Ossuary |  11.7 |  11.7 |   N/A |   N/A |   3.2 | 243.0
               +-------+-------+-------+-------+-------+----------------------

Table legend: (Time is in decaauts)
 A = Elapsed time spent in this place.
 B = Non-inter-level travel time spent in this place.
 C = Inter-level travel time spent in this place.
 D = Time resting spent in this place.
 E = Time spent auto-exploring this place.
 F = Levels seen in this place.
 G = Mean time per level.
                   A        B        C        D        E       F      G
               +--------+--------+--------+--------+--------+-----+--------+
         Total |   8888 |   8371 |    517 |    292 |   6245 |  11 |  808.0 |
       Dungeon |   7832 |   7315 |    517 |    292 |   5500 |   8 |  979.0 |
        Temple |      1 |      1 |      0 |      0 |      0 |   1 |    1.0 |
         Sewer |    874 |    874 |      0 |      0 |    645 |   1 |  874.0 |
       Ossuary |    179 |    179 |      0 |      0 |    100 |   1 |  179.0 |
               +--------+--------+--------+--------+--------+-----+--------+

Top non-repeatable levels by time:
     D:7: 1483 daAuts
     D:6: 1199 daAuts
     D:2: 1057 daAuts
     D:5: 1057 daAuts
     D:3: 995 daAuts
   Sewer: 874 daAuts
     D:8: 716 daAuts
     D:1: 713 daAuts
     D:4: 607 daAuts
 Ossuary: 179 daAuts
  Temple: 1 daAuts
